 Dungeon Crawl Stone Soup version 0.31.0-11-ge490571c62 (webtiles) character file.

Game seed: 3582246312919914161

46 Yore the Trooper (level 3, -1/24 HPs)
             Began as a Gargoyle Fighter on Feb 1, 2024.
             Slain by a goblin
             ... wielding a +0 dagger
              (3 damage)
             ... on level 2 of the Dungeon.
             The game lasted 00:01:44 (935 turns).

Yore the Trooper (Gargoyle Fighter)                  Turns: 935, Time: 00:01:44

Health: -1/24      AC: 12    Str: 19    XL:     3   Next: 66%
Magic:  3/3        EV:  4    Int:  8    God:
Gold:   28         SH:  0    Dex: 11    Spells: 2/2 levels left

rFire   . . .        a - +0 flail
rCold   . . .        c - +0 buckler
rNeg    + . .        f - +0 chain mail
rPois   ∞            (no helmet)
rElec   +            (no cloak)
rCorr   .            (no gloves)
SInv    .            (no boots)
Will    .....        (no amulet) Stlth
                     (no ring)
HPRegen 0.24/turn    (no ring)
MPRegen 0.08/turn

%: no passive effects
@: held, invisible
A: sickness immunity, AC +3, negative energy resistance 1, electricity
resistance, torment resistance 1, petrification resistance
a: no special abilities


You were on level 2 of the Dungeon.
You visited 1 branch of the dungeon, and saw 2 of its levels.

You collected 28 gold pieces.

Inventory:

Hand Weapons
 a - a +0 flail (weapon)
Missiles
 g - 8 boomerangs (quivered)
Armour
 c - a +0 buckler (worn)
 f - a +0 chain mail (worn)
Scrolls
 b - a scroll of immolation {unknown}
 h - 2 scrolls of blinking {unknown}
 l - 3 scrolls of teleportation {unknown}
 m - a scroll of identify {unknown}
Potions
 d - a potion of might
 e - a potion of curing {unknown}
 i - a potion of lignification {unknown}
 k - a potion of enlightenment {unknown}


   Skills:
 * Level 3.9 Fighting
 * Level 2.8 Maces & Flails
 + Level 3.5 Armour
 + Level 3.6 Shields


You had 2 spell levels left.
You didn't know any spells.
Your spell library contained the following spells:

 Spells                   Type           Power      Damage    Failure   Level
 Apportation              Tloc           0%         N/A       99%         1
 Necrotise                Necr           0%         1d4       99%         1
 Sting                    Conj/Alch      0%         1d3       99%         1
 Summon Small Mammal      Summ           0%         N/A       99%         1


Dungeon Overview and Level Annotations

Branches:
Dungeon (2/15)

Altars:


Innate Abilities, Weirdness & Mutations

You are immune to sickness and miasma.
Your stone body is resilient. (AC +3)
You are immune to poison.
You resist negative energy. (rN+)
You are resistant to electric shocks. (rElec)
You are resistant to unholy torment.
You are immune to petrification.


Message History

You are caught in a web!
The goblin hits you but does no damage.
The web tears apart.
The goblin hits you but does no damage.
The ribbon worm bites you but does no damage.
You barely miss the ribbon worm.
The ribbon worm is heavily wounded.
The goblin barely misses you.
The ribbon worm bites you but does no damage.
You barely miss the ribbon worm.
The ribbon worm is heavily wounded.
The goblin hits you but does no damage. The ribbon worm barely misses you.
You hit the ribbon worm.
The ribbon worm is heavily wounded.
The goblin hits you but does no damage. The ribbon worm bites you.
The goblin hits you but does no damage.
You barely miss the ribbon worm.
The ribbon worm is heavily wounded.
The goblin hits you but does no damage. The ribbon worm bites you.
You barely miss the ribbon worm.
The ribbon worm is moderately wounded.
The goblin hits you but does no damage.
The ribbon worm expels a string of sticky webbing.
The stream of webbing hits you but does no damage.
You are caught in a web!
You struggle to detach yourself from the web.
The goblin hits you with a +0 dagger. The ribbon worm bites you.
The web tears apart.
The goblin hits you with a +0 dagger. The ribbon worm bites you.
* * * LOW HITPOINT WARNING * * *
You barely miss the ribbon worm.
The ribbon worm is moderately wounded.
The goblin hits you with a +0 dagger.
* * * LOW HITPOINT WARNING * * *
The goblin hits you but does no damage.
The ribbon worm expels a string of sticky webbing.
The stream of webbing hits you but does no damage.
You are caught in a web!
It was a potion of invisibility.
You fade into invisibility!
The goblin hits you with a +0 dagger.
You die...

...#.#.#.#.#
##...........# #.# .#
#.#.#.#.#.#.#.##.# .#
.................#..###.
.#.#.#.#.#.#.#...#.....
.).............$.....#
..#.#.#.#.#.#.#..#...##.
.................g......
.#.#.#.#.#.#.##.@w...#
.#......................
.#..#.#.#.#..##.#.######
.#.........#.##.#.#
.####..#..##.##.#.# #
##.#..##.##.#.#
#.#........#.#
..#.########.# ###.#


You could see a ribbon worm (unable to see you, catching breath) and a goblin
(unable to see you).

Vanquished Creatures
  An adder (D:2)
  4 endoplasms
  3 giant cockroaches (D:1)
  6 goblins (D:1)
  4 hobgoblins (D:1)
  A jackal (D:2)
  2 kobolds
  A quokka (D:1)
  3 ball pythons (D:1)
  3 bats
  2 frilled lizards (D:1)
  2 rats (D:1)
32 creatures vanquished.

Notes
Turn   | Place    | Note
-------+----------+-------------------------------------------
     0 | D:1      | Yore the Gargoyle Fighter began the quest for the Orb.
     0 | D:1      | Reached XP level 1. HP: 14/14 MP: 1/1
   172 | D:1      | Reached XP level 2. HP: 19/19 MP: 2/2
   316 | D:1      | Found a faded altar of an unknown god.
   481 | D:1      | Reached XP level 3. HP: 20/24 MP: 3/3
   934 | D:2      | HP: 1/24 [goblin/+0 dagger (3)]
   935 | D:2      | Slain by a goblin

Illustrated notes

Levels and vault maps discovered:
D:1:      psy_arrival_fountain, layout_basic, nicolae_ecumenical_snake_handling,
          minmay_distorted
D:2:      minmay_recursive_quarters, layout_basic, basic_altar, st_stairs_10,
          hex_medium

Action                     || total
---------------------------++-------
  Melee: Flail             ||   146
    Use: Potion            ||     1
 Armour: Scale mail        ||    24
         Chain mail        ||   123
  Dodge: Dodged            ||    63
  Block: Buckler           ||    26
